 Dungeon Crawl Stone Soup version 0.29-a0-360-g8ed1089bbe (webtiles) character file.

Game seed: 1134129299958531023

1306 sammy202020 the Skirmisher (level 8, -13/65 HPs)
             Began as a Demonspawn Berserker on Apr 29, 2022.
             Was a Priest of Trog.
             Mangled by Psyclone's ghost (20 damage)
             ... on level 5 of the Dungeon.
             The game lasted 00:07:05 (5810 turns).

sammy202020 the Skirmisher (Demonspawn Berserker)   Turns: 5810, Time: 00:07:06

Health: -13/65     AC: 17    Str: 21    XL:     8   Next: 32%
Magic:  0/8        EV: 11    Int: 15    God:    Trog [***...]
Gold:   235        SH:  0    Dex: 13    Spells: 7/7 levels left

rFire   . . .      SeeInvis .   a - +0 hand axe
rCold   . . .      Faith    .   (no shield)
rNeg    . . .      Spirit   +   b - +8 chain mail of Ygueklos {Str+4 Int+4}
rPois   .          Reflect  .   (no helmet)
rElec   .          Harm     .   (no cloak)
rCorr   .          Rampage  .   (no gloves)
Will    .....                   (no boots)
Stlth   ..........              w - amulet of guardian spirit
HPRegen 0.20/turn               q - +4 ring of slaying
MPRegen 0.11/turn               (no ring)

@: on berserk cooldown, slowed, very slow
A: repulsion field 1, demonic guardian 2
a: Renounce Religion, Berserk, Trog's Hand


You were on level 5 of the Dungeon.
You worshipped Trog.
Trog was most pleased with you.
You visited 1 branch of the dungeon, and saw 5 of its levels.

You collected 235 gold pieces.

Inventory:

Hand Weapons
 a - a +0 hand axe (weapon)
 r - a +0 club
 t - a +0 flail
 y - a +3 morningstar
Missiles
 j - 4 javelins (quivered)
 x - 2 atropa-tipped darts
Armour
 b - the +8 chain mail of Ygueklos (worn) {Str+4 Int+4}
   (You found it on level 2 of the Dungeon)

   Str:       It affects your strength (+4).
   Int:       It affects your intelligence (+4).
 o - a +1 leather armour
Jewellery
 q - a +4 ring of slaying (left hand)
 w - an amulet of guardian spirit (around neck)
Wands
 f - a wand of digging (3)
 p - a wand of flame (16)
Scrolls
 d - a scroll of vulnerability
 g - 3 scrolls of noise
 m - a scroll of blinking
Potions
 c - a potion of mutation {unknown}
 e - 2 potions of heal wounds {unknown}
 h - 3 potions of curing
 i - 2 potions of attraction {unknown}
 k - a potion of cancellation {unknown}
 l - a potion of berserk rage {unknown}
 n - a potion of flight {unknown}
 s - a potion of degeneration {unknown}
 u - a potion of might {unknown}
 v - a potion of haste {unknown}


   Skills:
 * Level 6.6 Fighting
 * Level 6.0 Axes
 + Level 4.0 Armour
 + Level 4.0 Dodging


You had 7 spell levels left.
You didn't know any spells.
Your spell library was empty.

Dungeon Overview and Level Annotations

Branches:
Dungeon (5/15)
 Temple: D:4-7

Altars:
Dithmenos

Shops:
D:1 (:   D:2 [   D:5 :(

Annotations:
D:5 1 transporter, Psyclone's ghost, novice GnIE


Innate Abilities, Weirdness & Mutations

You are surrounded by a mild repulsion field. (EV +2)
A demonic guardian rushes to your aid.


Message History

You slash Psyclone's ghost!
Psyclone's ghost is severely damaged.
You are no longer berserk.
You are exhausted.
You feel yourself slow down.
You hit Psyclone's ghost but do no damage.
Psyclone's ghost is severely damaged.
Psyclone's ghost hits you but does no damage.
You are electrocuted!
* * * LOW HITPOINT WARNING * * *
Psyclone's ghost hits you but does no damage.
You hit Psyclone's ghost but do no damage.
Psyclone's ghost is severely damaged.
Psyclone's ghost completely misses you.
You hit Psyclone's ghost.
Psyclone's ghost is severely damaged.
You feel the effects of Trog's Hand fading.
Psyclone's ghost lets out a mournful wail.
Psyclone's ghost hits you but does no damage.
You are electrocuted!
* * * LOW HITPOINT WARNING * * *
A demonic guardian appears!
Psyclone's ghost freezes you.
You are frozen.
* * * LOW HITPOINT WARNING * * *
It was a potion of curing.
You feel better. Psyclone's ghost hits you.
* * * LOW HITPOINT WARNING * * *
Psyclone's ghost attacks as you move away!
Psyclone's ghost hits you but does no damage.
Your ice devil misses Psyclone's ghost.
Psyclone's ghost freezes you.
You are frozen!
* * * LOW HITPOINT WARNING * * *
Your ice devil hits Psyclone's ghost but does no damage.
Psyclone's ghost attacks as you move away!
Psyclone's ghost hits you but does no damage.
Your skin stops crawling.
You feel less strong-willed.
Psyclone's ghost hits you but does no damage.
You are electrocuted!!
You die...

....#...#...#©.....#...#
....#####...#..##..#...#
............#.#..#.#...#
............#.#).#.#...#
.........####..##.$#©.[#
.........# #©.)..(#...#
.........# #.4##..#©.##
.........# #.#W.#.#..#
.........# #.#.@#.#..#
.........# #..##..#..#
....... #......#..#
....... ########..# ....
##### .


You could see Psyclone's ghost (ally target) and a friendly ice devil
(summoned).

Vanquished Creatures
  Eustachio (D:4)
  An ice beast (D:5)
  A sky beast (D:3)
  2 ogres
  A phantom (D:4)
  A scorpion (D:5)
  A necrophage (D:4)
  3 wights (D:5)
  A hound (D:5)
  2 orc priests (D:3)
  Ijyb (D:3)
  3 iguanas
  An orc wizard (D:5)
  7 gnolls
  8 adders
  3 dart slugs
  4 worms
  10 orcs
  7 ball pythons
  3 bats
  5 endoplasms
  6 goblins
  9 hobgoblins
  A quokka (D:3)
  2 frilled lizards
  10 kobolds
  5 rats
99 creatures vanquished.

Vanquished Creatures (collateral kills)
  A worm (D:3)
  A giant cockroach (D:2)
2 creatures vanquished.

Grand Total: 101 creatures vanquished

Notes
Turn   | Place    | Note
-------+----------+-------------------------------------------
     0 | D:1      | sammy202020 the Demonspawn Berserker began the quest for
                  | the Orb.
     0 | D:1      | Reached XP level 1. HP: 18/18 MP: 1/1
   174 | D:1      | Gained mutation: A weak demonic guardian rushes to your
                  | aid. [demonic ancestry]
   174 | D:1      | Reached XP level 2. HP: 24/24 MP: 2/2
   221 | D:1      | Found Luiruap's Antique Weapon Emporium.
   650 | D:1      | Found a faded altar of an unknown god.
   709 | D:1      | Found Sasoqug's Book Boutique.
  1348 | D:2      | Reached ** piety under Trog
  1349 | D:2      | Reached XP level 3. HP: 24/29 MP: 3/3
  1816 | D:2      | Found a shadowy altar of Dithmenos.
  1867 | D:2      | Found Qosestis's Armour Emporium.
  2527 | D:2      | Reached XP level 4. HP: 13/37 MP: 4/4
  3148 | D:2      | Identified the +8 chain mail of Ygueklos {Str+4 Int+4}
  3319 | D:3      | Noticed an ogre
  3331 | D:3      | Killed an ogre
  3332 | D:3      | Reached XP level 5. HP: 19/43 MP: 5/5
  3785 | D:3      | Gained mutation: You are surrounded by a mild repulsion
                  | field. (EV +2) [demonic ancestry]
  3785 | D:3      | Reached XP level 6. HP: 34/49 MP: 6/6
  3826 | D:3      | Noticed Ijyb
  3839 | D:3      | Killed Ijyb
  4198 | D:3      | Noticed a sky beast
  4211 | D:3      | Killed a sky beast
  4212 | D:3      | Reached skill level 5 in Fighting
  4418 | D:4      | Reached XP level 7. HP: 56/56 MP: 7/7
  4650 | D:4      | Noticed Eustachio
  4674 | D:4      | Killed Eustachio
  4675 | D:4      | Reached skill level 5 in Axes
  4679 | D:4      | Reached *** piety under Trog
  5129 | D:5      | Entered Level 5 of the Dungeon
  5380 | D:5      | Found Nes Ymui's Antique Weapon Shoppe.
  5436 | D:5      | Found Pekibeg's Book Shop.
  5559 | D:5      | Gained mutation: A demonic guardian rushes to your aid.
                  | [demonic ancestry]
  5559 | D:5      | Reached XP level 8. HP: 64/64 MP: 8/8
  5770 | D:5      | Found a transporter.
  5771 | D:5      | Noticed Psyclone's ghost (novice GnIE)
  5775 | D:5      | Identified the +5 giant spiked club "Nocaf" {flame, Str+3}
  5781 | D:5      | Found a transporter.
  5810 | D:5      | Mangled by Psyclone's ghost

Illustrated notes

Levels and vault maps discovered:
D:1:      arrival_zaba_pyramid, layout_basic,
          hellmonk_ecumenical_altar_prayer_group, serial_shops,
          nicolae_shop_crystal, nicolae_shop_advertising_works
          [nicolae_subvault_shop_adworks]
D:2:      layout_loops_cross, serial_shops, shop, basic_altar, minivault_11,
          st_stairs_3
D:3:      layout_basic, uniq_ijyb
D:4:      layout_basic, hangedman_decor_diamond_cutter, uniq_eustachio
D:5:      layout_gridville, serial_shops, nicolae_shop_behind_doors,
          shop_statue, kennysheep_little_box, nicolae_shop_stone, shop,
          gammafunk_ghost_smash

Skill      XL: |  1  2  3  4  5  6  7  8 |
---------------+-------------------------+-----
Dodging        | 2 3 4 |  4.0
Axes           | 3 4 5 6 |  6.0
Armour         | 2 3 4 |  4.0
Fighting       | 4 5 6 |  6.6

Action                   |  1- 3 |  4- 6 |  7- 9 || total
-------------------------+-------+-------+-------++-------
Melee: Hand axe          |   109 |   142 |   165 ||   416
       Punch             |     3 |     1 |     2 ||     6
Invok: Berserk           |       |     2 |     2 ||     4
       Trog's Hand       |       |     1 |     1 ||     2
  Use: Scroll            |       |     5 |     2 ||     7
       Potion            |       |       |     1 ||     1
 Stab: Sleeping          |     1 |       |       ||     1
Armor: Animal skin       |    10 |       |       ||    10
       Chain mail        |       |    63 |   118 ||   181
       Leather armour    |       |     1 |       ||     1
Dodge: Dodged            |    75 |    65 |   105 ||   245

Table legend: (Time is in decaauts)
 A = Elapsed time spent in this place.
 B = Non-inter-level travel time spent in this place.
 C = Inter-level travel time spent in this place.
 D = Time resting spent in this place.
 E = Time spent auto-exploring this place.
 F = Levels seen in this place.
 G = Mean time per level.
                   A        B        C        D        E       F      G
               +--------+--------+--------+--------+--------+-----+--------+
         Total |   5865 |   5629 |    236 |    755 |   3980 |   5 | 1173.0 |
       Dungeon |   5865 |   5629 |    236 |    755 |   3980 |   5 | 1173.0 |
               +--------+--------+--------+--------+--------+-----+--------+

Top non-repeatable levels by time:
     D:2: 1943 daAuts
     D:1: 1351 daAuts
     D:3: 965 daAuts
     D:4: 924 daAuts
     D:5: 680 daAuts
